Sabres vs Canadiens

Created - January 10 2008 at 20:27

Goals
1 2 3 T
Sabres 0 0 0 0
Canadiens 0 0 2 2
Shots
1 2 3 T
Sabres 8 6 6 20
Canadiens 7 7 12 26

Period #1

No Goal

Penalties :
Lubomir Visnovsky (MTL) for High sticking (Minor) at 0:13, Filip Kuba (MTL) for Holding (Minor) at 5:22, Mike Ribeiro (MTL) for Tripping (Minor) at 12:09, Darcy Tucker (MTL) for Hooking (Minor) at 19:19, Brian Rafalski (MTL) for Hooking (Minor) at 19:41

Period #2

No Goal

Penalties :
Johan Franzen (BUF) for Roughing (Minor) at 5:16, John-Michael Liles (BUF) for Hooking (Minor) at 6:36, Johan Franzen (BUF) for Roughing (Minor) at 10:11, Viktor Kozlov (MTL) for Hooking (Minor) at 17:26

Period #3

1. Canadiens , Ryan Whitney 6 (Mike Ribeiro, Scott Gomez) at 2:16
2. Canadiens , Ryan Kesler 2 (Martin Gelinas) at 7:24

Penalties :
Johan Franzen (BUF) for Holding (Minor) at 0:16, Rob Blake (BUF) for Tripping (Minor) at 2:45, John-Michael Liles (BUF) for Holding (Minor) at 10:12, Michael Ryder (BUF) for Interference (Minor) at 12:38

Goalie Stats

Ryan Miller (BUF), 24 saves from 26 shots - (0.923), L, 20-13-5, 60:00 minutes
Roberto Luongo (MTL), 20 saves from 20 shots - (1.000), W, 22-21-1, 60:00 minutes

Players Stats

Sabres
Player Name              G  A  P  +/- PIM S  H  SB FO MP 
-----------------------------------------------------------
Brian Campbell           0  0  0  -2  0   1  1  1  0  24 
Chris Drury              0  0  0  -1  0   0  0  0  12 12 
Daniel Briere            0  0  0   0  0   0  0  0  1  5  
Danny Markov             0  0  0  -1  0   0  0  0  0  11 
Derek Roy                0  0  0   0  0   3  0  0  9  10 
Dmitri Kalinin           0  0  0   0  0   2  3  0  0  23 
Doug Weight              0  0  0   0  0   0  0  0  6  7  
Henrik Zetterberg        0  0  0   0  0   0  0  0  0  8  
Jochen Hecht             0  0  0   0  0   1  2  1  18 24 
Johan Franzen            0  0  0  -1  6   1  3  0  18 24 
John-Michael Liles       0  0  0   0  4   2  1  1  0  22 
Michael Ryder            0  0  0  -2  2   1  4  0  3  25 
Milan Hejduk             0  0  0  -2  0   1  0  0  5  24 
Nathan Horton            0  0  0   0  0   2  2  0  2  18 
Nathan Paetsch           0  0  0   0  0   0  0  0  0  0  
Rob Blake                0  0  0  -1  2   4  1  2  0  23 
Thomas Vanek             0  0  0   0  0   2  2  0  4  24 
Toni Lydman              0  0  0   0  0   0  1  1  0  18 
Canadiens
Player Name              G  A  P  +/- PIM S  H  SB FO MP 
-----------------------------------------------------------
Ales Hemsky              0  0  0   0  0   1  1  0  0  11 
Alexei Yashin            0  0  0   1  0   1  2  0  20 17 
Andrej Meszaros          0  0  0   0  0   0  0  0  0  9  
Antoine Vermette         0  0  0   0  0   2  1  0  9  16 
Brian Gionta             0  0  0   0  0   1  0  0  0  16 
Brian Rafalski           0  0  0   1  2   0  0  2  0  25 
Darcy Tucker             0  0  0   1  2   2  2  1  0  18 
Ed Jovanovski            0  0  0   1  0   1  1  4  0  20 
Filip Kuba               0  0  0   1  2   1  0  1  0  21 
Lubomir Visnovsky        0  0  0   1  2   3  2  1  0  23 
Martin Gelinas           0  1  1   1  0   1  2  0  4  8  
Mike Comrie              0  0  0   1  0   5  2  0  1  18 
Mike Ribeiro             0  1  1   1  2   1  0  0  3  19 
Ryan Kesler              1  0  1   1  0   1  0  1  2  12 
Ryan Whitney             1  0  1   0  0   5  0  2  0  26 
Scott Gomez              0  1  1   0  0   0  1  0  25 20 
Stephane Veilleux        0  0  0   0  0   0  1  1  12 8  
Viktor Kozlov            0  0  0   0  2   1  1  0  2  19 

3 Stars

1 - Roberto Luongo (MTL)
2 - Ryan Kesler (MTL)
3 - Ryan Whitney (MTL)

Power Play

Sabres - 0 on 6 Attempt(s) - 0.00%
Canadiens - 0 on 7 Attempt(s) - 0.00%

Penalty Kill

Sabres - 7 on 7 Attempt(s) - 100.00% - Score 0 goal in Penalty Kill
Canadiens - 6 on 6 Attempt(s) - 100.00% - Score 0 goal in Penalty Kill

Game Notes

Alexei Yashin is injured at 16:09 of 3rd period (Sore Left Knee)

Finance

Level 1 -- Attendance: 3943 (65.72%) -- Ticket Income $394,300.00
Level 2 -- Attendance: 3440 (68.81%) -- Ticket Income $206,400.00
Level 3 -- Attendance: 1539 (76.97%) -- Ticket Income $53,865.00
Level 4 -- Attendance: 1987 (49.68%) -- Ticket Income $59,610.00
Luxury Box -- Attendance: 571 (57.13%) -- Ticket Income $142,750.00
Game was played at the Bell Centre
Total Attendance: 11480 (53.07%)
Total Ticket Income: $883,675.80
Other Income: $172,459.20
Total Income: $1,056,135.00


Play by Play

Period #1

0:01 of 1st period - Alexei Yashin wins face-off versus Johan Franzen in neutral zone.
0:13 of 1st period - Minor Penalty to Lubomir Visnovsky for High sticking.
0:14 of 1st period - Nathan Horton wins face-off versus Stephane Veilleux in Canadiens zone.
0:36 of 1st period - Shot by Thomas Vanek.
0:36 of 1st period - Shot Blocked by Ed Jovanovski.
0:42 of 1st period - Shot by Nathan Horton.
0:42 of 1st period - Shot Misses the Net.
0:52 of 1st period - Shot by Nathan Horton.
0:52 of 1st period - Stopped by Roberto Luongo without a rebound.
0:53 of 1st period - Jochen Hecht wins face-off versus Antoine Vermette in Canadiens zone.
1:26 of 1st period - Shot by Jochen Hecht.
1:26 of 1st period - Shot Blocked by Filip Kuba.
1:28 of 1st period - Shot by Rob Blake.
1:28 of 1st period - Stopped by Roberto Luongo without a rebound.
1:29 of 1st period - Stephane Veilleux wins face-off versus Johan Franzen in Canadiens zone.
1:38 of 1st period - Shot by Dmitri Kalinin.
1:38 of 1st period - Stopped by Roberto Luongo with a rebound.
3:28 of 1st period - Shot by Ales Hemsky.
3:28 of 1st period - Stopped by Ryan Miller without a rebound.
3:29 of 1st period - Scott Gomez wins face-off versus Milan Hejduk in Sabres zone.
3:37 of 1st period - Scott Gomez is hit by Dmitri Kalinin and loses puck.
4:11 of 1st period - Shot by Scott Gomez.
4:11 of 1st period - Shot Blocked by John-Michael Liles.
4:36 of 1st period - Icing by Johan Franzen.
4:37 of 1st period - Doug Weight wins face-off versus Antoine Vermette in Sabres zone.
4:37 of 1st period - Brian Campbell is hit by Viktor Kozlov and loses puck.
4:55 of 1st period - Off-side.
4:56 of 1st period - Alexei Yashin wins face-off versus Derek Roy in neutral zone.
5:05 of 1st period - Shot by Mike Comrie.
5:05 of 1st period - Shot Misses the Net.
5:07 of 1st period - Shot by Lubomir Visnovsky.
5:07 of 1st period - Stopped by Ryan Miller with a rebound.
5:11 of 1st period - Shot by Brian Rafalski.
5:11 of 1st period - Shot Hit the Post.
5:15 of 1st period - Shot by Mike Comrie.
5:15 of 1st period - Stopped by Ryan Miller without a rebound.
5:16 of 1st period - Doug Weight wins face-off versus Antoine Vermette in Sabres zone.
5:22 of 1st period - Minor Penalty to Filip Kuba for Holding.
5:23 of 1st period - Johan Franzen wins face-off versus Stephane Veilleux in Canadiens zone.
5:28 of 1st period - Shot by Milan Hejduk.
5:28 of 1st period - Stopped by Roberto Luongo without a rebound.
5:29 of 1st period - Stephane Veilleux wins face-off versus Johan Franzen in Canadiens zone.
5:29 of 1st period - Stephane Veilleux is hit by Johan Franzen.
6:21 of 1st period - Shot by Rob Blake.
6:21 of 1st period - Shot Misses the Net.
6:23 of 1st period - Shot by Jochen Hecht.
6:23 of 1st period - Shot Blocked by Ryan Kesler.
6:25 of 1st period - Shot by Jochen Hecht.
6:25 of 1st period - Shot Misses the Net.
6:36 of 1st period - Icing by Rob Blake.
6:37 of 1st period - Stephane Veilleux wins face-off versus Jochen Hecht in Sabres zone.
8:04 of 1st period - Off-side.
8:05 of 1st period - Scott Gomez wins face-off versus Doug Weight in neutral zone.
8:22 of 1st period - Shot by Milan Hejduk.
8:22 of 1st period - Shot Misses the Net.
8:38 of 1st period - Shot by Mike Ribeiro.
8:38 of 1st period - Stopped by Ryan Miller without a rebound.
8:39 of 1st period - Chris Drury wins face-off versus Alexei Yashin in Sabres zone.
8:46 of 1st period - Shot by Nathan Horton.
8:46 of 1st period - Shot Blocked by Brian Rafalski.
8:48 of 1st period - Shot by Thomas Vanek.
8:48 of 1st period - Shot Misses the Net.
9:50 of 1st period - Shot by Antoine Vermette.
9:50 of 1st period - Stopped by Ryan Miller without a rebound.
9:51 of 1st period - Doug Weight wins face-off versus Scott Gomez in Sabres zone.
9:56 of 1st period - Brian Gionta is hit by Michael Ryder and loses puck.
10:40 of 1st period - Doug Weight is hit by Ales Hemsky and loses puck.
11:06 of 1st period - Shot by Ales Hemsky.
11:06 of 1st period - Shot Blocked by Brian Campbell.
11:33 of 1st period - Darcy Tucker is hit by Jochen Hecht and loses puck.
11:42 of 1st period - Shot by Darcy Tucker.
11:42 of 1st period - Deflect By Mike Comrie.
11:42 of 1st period - Stopped by Ryan Miller without a rebound.
11:43 of 1st period - Derek Roy wins face-off versus Stephane Veilleux in Sabres zone.
11:49 of 1st period - Off-side.
11:50 of 1st period - Jochen Hecht wins face-off versus Scott Gomez in neutral zone.
12:09 of 1st period - Minor Penalty to Mike Ribeiro for Tripping.
12:10 of 1st period - Antoine Vermette wins face-off versus Johan Franzen in neutral zone.
12:23 of 1st period - Lubomir Visnovsky is hit by Johan Franzen.
12:33 of 1st period - Shot by John-Michael Liles.
12:33 of 1st period - Shot Misses the Net.
12:35 of 1st period - Shot by Johan Franzen.
12:35 of 1st period - Stopped by Roberto Luongo without a rebound.
12:36 of 1st period - Johan Franzen wins face-off versus Stephane Veilleux in Canadiens zone.
12:41 of 1st period - Shot by Thomas Vanek.
12:41 of 1st period - Shot Misses the Net.
12:45 of 1st period - Shot by Thomas Vanek.
12:45 of 1st period - Shot Misses the Net.
12:47 of 1st period - Shot by Dmitri Kalinin.
12:47 of 1st period - Shot Misses the Net.
12:49 of 1st period - Shot by Nathan Horton.
12:49 of 1st period - Deflect By Thomas Vanek.
12:49 of 1st period - Shot Blocked by Stephane Veilleux.
13:03 of 1st period - Shot by Thomas Vanek.
13:03 of 1st period - Deflect By Nathan Horton.
13:03 of 1st period - Shot Blocked by Ed Jovanovski.
13:30 of 1st period - Shot by Rob Blake.
13:30 of 1st period - Stopped by Roberto Luongo without a rebound.
13:31 of 1st period - Antoine Vermette wins face-off versus Chris Drury in Canadiens zone.
13:54 of 1st period - Shot by Chris Drury.
13:54 of 1st period - Shot Blocked by Lubomir Visnovsky.
14:05 of 1st period - Icing by Toni Lydman.
14:06 of 1st period - Jochen Hecht wins face-off versus Stephane Veilleux in Sabres zone.
14:06 of 1st period - Jochen Hecht is hit by Stephane Veilleux.
14:45 of 1st period - Icing by Toni Lydman.
14:46 of 1st period - Derek Roy wins face-off versus Alexei Yashin in Sabres zone.
15:16 of 1st period - Thomas Vanek is hit by Mike Comrie and loses puck.
15:58 of 1st period - Shot by Antoine Vermette.
15:58 of 1st period - Stopped by Ryan Miller without a rebound.
15:59 of 1st period - Chris Drury wins face-off versus Scott Gomez in Sabres zone.
17:50 of 1st period - Danny Markov is hit by Darcy Tucker and loses puck.
18:00 of 1st period - Icing by Toni Lydman.
18:01 of 1st period - Stephane Veilleux wins face-off versus Derek Roy in Sabres zone.
18:05 of 1st period - Icing by Danny Markov.
18:06 of 1st period - Scott Gomez wins face-off versus Derek Roy in Sabres zone.
18:41 of 1st period - Shot by Milan Hejduk.
18:41 of 1st period - Shot Misses the Net.
19:07 of 1st period - Brian Campbell is hit by Alexei Yashin and loses puck.
19:19 of 1st period - Minor Penalty to Darcy Tucker for Hooking.
19:20 of 1st period - Antoine Vermette wins face-off versus Johan Franzen in neutral zone.
19:38 of 1st period - Shot by Thomas Vanek.
19:38 of 1st period - Stopped by Roberto Luongo with a rebound.
19:41 of 1st period - Minor Penalty to Brian Rafalski for Hooking.
19:42 of 1st period - Viktor Kozlov wins face-off versus Jochen Hecht in Canadiens zone.
19:42 of 1st period - Ryan Whitney is hit by Nathan Horton and loses puck.
19:51 of 1st period - Shot by Nathan Horton.
19:51 of 1st period - Shot Hit the Post.
19:56 of 1st period - Shot by Dmitri Kalinin.
19:56 of 1st period - Deflect By Thomas Vanek.
19:56 of 1st period - Shot Misses the Net.
19:58 of 1st period - Shot by Dmitri Kalinin.
19:58 of 1st period - Stopped by Roberto Luongo with a rebound.

Period #2

0:01 of 2nd period - Ryan Kesler wins face-off versus Johan Franzen in neutral zone.
0:26 of 2nd period - Shot by Milan Hejduk.
0:26 of 2nd period - Shot Misses the Net.
0:30 of 2nd period - Shot by Rob Blake.
0:30 of 2nd period - Stopped by Roberto Luongo with a rebound.
0:34 of 2nd period - Shot by Brian Campbell.
0:34 of 2nd period - Shot Blocked by Ryan Whitney.
0:36 of 2nd period - Shot by Johan Franzen.
0:36 of 2nd period - Shot Blocked by Ryan Whitney.
0:40 of 2nd period - Shot by Milan Hejduk.
0:40 of 2nd period - Shot Blocked by Ed Jovanovski.
0:44 of 2nd period - Shot by Brian Campbell.
0:44 of 2nd period - Stopped by Roberto Luongo without a rebound.
0:45 of 2nd period - Johan Franzen wins face-off versus Ryan Kesler in Canadiens zone.
2:00 of 2nd period - Shot by Jochen Hecht.
2:00 of 2nd period - Deflect By Derek Roy.
2:00 of 2nd period - Stopped by Roberto Luongo without a rebound.
2:01 of 2nd period - Doug Weight wins face-off versus Antoine Vermette in Canadiens zone.
2:53 of 2nd period - Rob Blake is hit by Lubomir Visnovsky.
3:05 of 2nd period - Shot by Mike Comrie.
3:05 of 2nd period - Stopped by Ryan Miller with a rebound.
3:09 of 2nd period - Shot by Lubomir Visnovsky.
3:09 of 2nd period - Shot Misses the Net.
3:12 of 2nd period - Mike Comrie is hit by Dmitri Kalinin.
3:14 of 2nd period - Shot by Lubomir Visnovsky.
3:14 of 2nd period - Stopped by Ryan Miller without a rebound.
3:15 of 2nd period - Scott Gomez wins face-off versus Derek Roy in Sabres zone.
3:23 of 2nd period - Icing by Toni Lydman.
3:24 of 2nd period - Scott Gomez wins face-off versus Derek Roy in Sabres zone.
3:44 of 2nd period - Icing by Mike Ribeiro.
3:45 of 2nd period - Jochen Hecht wins face-off versus Scott Gomez in Canadiens zone.
4:46 of 2nd period - Shot by Lubomir Visnovsky.
4:46 of 2nd period - Stopped by Ryan Miller without a rebound.
4:47 of 2nd period - Antoine Vermette wins face-off versus Milan Hejduk in Sabres zone.
4:53 of 2nd period - Antoine Vermette is hit by Toni Lydman and loses puck.
5:16 of 2nd period - Minor Penalty to Johan Franzen for Roughing.
5:17 of 2nd period - Chris Drury wins face-off versus Alexei Yashin in neutral zone.
5:44 of 2nd period - Icing by Alexei Yashin.
5:45 of 2nd period - Thomas Vanek wins face-off versus Alexei Yashin in Canadiens zone.
6:13 of 2nd period - Shot by Ryan Whitney.
6:13 of 2nd period - Stopped by Ryan Miller without a rebound.
6:14 of 2nd period - Chris Drury wins face-off versus Scott Gomez in Sabres zone.
6:36 of 2nd period - Minor Penalty to John-Michael Liles for Hooking.
6:37 of 2nd period - Jochen Hecht wins face-off versus Scott Gomez in Sabres zone.
6:47 of 2nd period - Off-side.
6:48 of 2nd period - Alexei Yashin wins face-off versus Jochen Hecht in neutral zone.
7:07 of 2nd period - Shot by Lubomir Visnovsky.
7:07 of 2nd period - Shot Hit the Post.
7:16 of 2nd period - Icing by Brian Rafalski.
7:17 of 2nd period - Alexei Yashin wins face-off versus Johan Franzen in Canadiens zone.
8:37 of 2nd period - Thomas Vanek is hit by Antoine Vermette and loses puck.
8:44 of 2nd period - Ales Hemsky is hit by Thomas Vanek and loses puck.
8:55 of 2nd period - Shot by Thomas Vanek.
8:55 of 2nd period - Stopped by Roberto Luongo without a rebound.
8:56 of 2nd period - Derek Roy wins face-off versus Stephane Veilleux in Canadiens zone.
9:03 of 2nd period - Shot by Derek Roy.
9:03 of 2nd period - Stopped by Roberto Luongo with a rebound.
9:07 of 2nd period - Shot by Derek Roy.
9:07 of 2nd period - Stopped by Roberto Luongo with a rebound.
9:27 of 2nd period - Icing by Ryan Kesler.
9:28 of 2nd period - Martin Gelinas wins face-off versus Michael Ryder in Canadiens zone.
9:55 of 2nd period - Icing by Dmitri Kalinin.
9:56 of 2nd period - Michael Ryder wins face-off versus Scott Gomez in Sabres zone.
10:11 of 2nd period - Minor Penalty to Johan Franzen for Roughing.
10:12 of 2nd period - Scott Gomez wins face-off versus Milan Hejduk in neutral zone.
10:15 of 2nd period - Shot by Ryan Whitney.
10:15 of 2nd period - Stopped by Ryan Miller with a rebound.
10:23 of 2nd period - Shot by Filip Kuba.
10:23 of 2nd period - Shot Misses the Net.
10:25 of 2nd period - Shot by Mike Ribeiro.
10:25 of 2nd period - Shot Misses the Net.
10:27 of 2nd period - Shot by Brian Gionta.
10:27 of 2nd period - Stopped by Ryan Miller without a rebound.
10:28 of 2nd period - Alexei Yashin wins face-off versus Jochen Hecht in Sabres zone.
10:39 of 2nd period - Shot by Darcy Tucker.
10:39 of 2nd period - Shot Misses the Net.
10:50 of 2nd period - Alexei Yashin is hit by Rob Blake and loses puck.
10:53 of 2nd period - Shot by Brian Rafalski.
10:53 of 2nd period - Shot Misses the Net.
10:56 of 2nd period - Mike Comrie is hit by Brian Campbell.
11:11 of 2nd period - Icing by Mike Ribeiro.
11:12 of 2nd period - Scott Gomez wins face-off versus Jochen Hecht in Canadiens zone.
13:03 of 2nd period - Off-side.
13:04 of 2nd period - Alexei Yashin wins face-off versus Milan Hejduk in neutral zone.
13:06 of 2nd period - Brian Rafalski is hit by Nathan Horton and loses puck.
13:29 of 2nd period - Shot by Mike Comrie.
13:29 of 2nd period - Stopped by Ryan Miller without a rebound.
13:30 of 2nd period - Doug Weight wins face-off versus Scott Gomez in Sabres zone.
15:14 of 2nd period - Thomas Vanek is hit by Lubomir Visnovsky and loses puck.
17:21 of 2nd period - Shot by Stephane Veilleux.
17:21 of 2nd period - Shot Misses the Net.
17:26 of 2nd period - Minor Penalty to Viktor Kozlov for Hooking.
17:27 of 2nd period - Chris Drury wins face-off versus Stephane Veilleux in Sabres zone.
17:42 of 2nd period - Off-side.
17:43 of 2nd period - Nathan Horton wins face-off versus Stephane Veilleux in neutral zone.
18:31 of 2nd period - Stephane Veilleux is hit by Johan Franzen and loses puck.

Period #3

0:01 of 3rd period - Derek Roy wins face-off versus Antoine Vermette in neutral zone.
0:08 of 3rd period - Shot by Filip Kuba.
0:08 of 3rd period - Shot Blocked by Toni Lydman.
0:16 of 3rd period - Minor Penalty to Johan Franzen for Holding.
0:17 of 3rd period - Alexei Yashin wins face-off versus Jochen Hecht in neutral zone.
0:20 of 3rd period - Rob Blake is hit by Alexei Yashin and loses puck.
0:33 of 3rd period - Shot by Lubomir Visnovsky.
0:33 of 3rd period - Shot Misses the Net.
0:37 of 3rd period - Shot by Lubomir Visnovsky.
0:37 of 3rd period - Deflect By Darcy Tucker.
0:37 of 3rd period - Shot Misses the Net.
0:39 of 3rd period - Shot by Lubomir Visnovsky.
0:39 of 3rd period - Shot Blocked by Jochen Hecht.
0:41 of 3rd period - Shot by Alexei Yashin.
0:41 of 3rd period - Stopped by Ryan Miller without a rebound.
0:42 of 3rd period - Michael Ryder wins face-off versus Scott Gomez in Sabres zone.
1:48 of 3rd period - Icing by Alexei Yashin.
1:49 of 3rd period - Alexei Yashin wins face-off versus Jochen Hecht in Canadiens zone.
1:49 of 3rd period - Alexei Yashin is hit by Michael Ryder.
1:55 of 3rd period - Jochen Hecht is hit by Mike Comrie and loses puck.
2:00 of 3rd period - Shot by Lubomir Visnovsky.
2:00 of 3rd period - Shot Misses the Net.
2:04 of 3rd period - Shot by Darcy Tucker.
2:04 of 3rd period - Shot Blocked by Rob Blake.
2:06 of 3rd period - Shot by Darcy Tucker.
2:06 of 3rd period - Stopped by Ryan Miller with a rebound.
2:08 of 3rd period - Shot by Darcy Tucker.
2:08 of 3rd period - Stopped by Ryan Miller without a rebound.
2:09 of 3rd period - Scott Gomez wins face-off versus Chris Drury in Sabres zone.
2:10 of 3rd period - Shot by Ryan Whitney.
2:10 of 3rd period - Stopped by Ryan Miller without a rebound.
2:11 of 3rd period - Scott Gomez wins face-off versus Thomas Vanek in Sabres zone.
2:16 of 3rd period - Shot by Ryan Whitney.
2:16 of 3rd period - Goal by Ryan Whitney - Sabres : 0 - Canadiens : 1.
2:17 of 3rd period - Milan Hejduk wins face-off versus Alexei Yashin in neutral zone.
2:45 of 3rd period - Minor Penalty to Rob Blake for Tripping.
2:46 of 3rd period - Mike Ribeiro wins face-off versus Johan Franzen in Sabres zone.
3:55 of 3rd period - Icing by Mike Comrie.
3:56 of 3rd period - Jochen Hecht wins face-off versus Alexei Yashin in Canadiens zone.
5:25 of 3rd period - Shot by Rob Blake.
5:25 of 3rd period - Stopped by Roberto Luongo with a rebound.
5:27 of 3rd period - Shot by Jochen Hecht.
5:27 of 3rd period - Deflect By Thomas Vanek.
5:27 of 3rd period - Shot Misses the Net.
5:40 of 3rd period - Shot by Thomas Vanek.
5:40 of 3rd period - Shot Misses the Net.
6:54 of 3rd period - Off-side.
6:55 of 3rd period - Johan Franzen wins face-off versus Martin Gelinas in neutral zone.
7:16 of 3rd period - Shot by Daniel Briere.
7:16 of 3rd period - Shot Misses the Net.
7:18 of 3rd period - Shot by Jochen Hecht.
7:18 of 3rd period - Stopped by Roberto Luongo without a rebound.
7:19 of 3rd period - Martin Gelinas wins face-off versus Chris Drury in Canadiens zone.
7:24 of 3rd period - Shot by Ryan Kesler.
7:24 of 3rd period - Goal by Ryan Kesler - Sabres : 0 - Canadiens : 2.
7:25 of 3rd period - Chris Drury wins face-off versus Martin Gelinas in neutral zone.
7:25 of 3rd period - Chris Drury is hit by Martin Gelinas.
7:30 of 3rd period - John-Michael Liles is hit by Ed Jovanovski and loses puck.
7:47 of 3rd period - Shot by Ed Jovanovski.
7:47 of 3rd period - Shot Misses the Net.
8:14 of 3rd period - Shot by Viktor Kozlov.
8:14 of 3rd period - Stopped by Ryan Miller without a rebound.
8:15 of 3rd period - Scott Gomez wins face-off versus Johan Franzen in Sabres zone.
8:36 of 3rd period - Antoine Vermette is hit by Jochen Hecht and loses puck.
9:15 of 3rd period - Shot by Mike Comrie.
9:15 of 3rd period - Stopped by Ryan Miller without a rebound.
9:16 of 3rd period - Daniel Briere wins face-off versus Alexei Yashin in Sabres zone.
9:44 of 3rd period - Off-side.
9:45 of 3rd period - Viktor Kozlov wins face-off versus Chris Drury in neutral zone.
9:49 of 3rd period - Lubomir Visnovsky is hit by John-Michael Liles.
9:54 of 3rd period - Icing by John-Michael Liles.
9:55 of 3rd period - Mike Comrie wins face-off versus Chris Drury in Sabres zone.
9:57 of 3rd period - Mike Ribeiro is hit by Dmitri Kalinin and loses puck.
10:12 of 3rd period - Minor Penalty to John-Michael Liles for Holding.
10:13 of 3rd period - Scott Gomez wins face-off versus Johan Franzen in Sabres zone.
10:26 of 3rd period - Shot by Ryan Whitney.
10:26 of 3rd period - Stopped by Ryan Miller without a rebound.
10:27 of 3rd period - Johan Franzen wins face-off versus Scott Gomez in Sabres zone.
10:38 of 3rd period - Shot by Filip Kuba.
10:38 of 3rd period - Stopped by Ryan Miller with a rebound.
10:50 of 3rd period - Johan Franzen is hit by Scott Gomez.
11:00 of 3rd period - Ryan Whitney is hit by Michael Ryder and loses puck.
11:31 of 3rd period - Brian Campbell is hit by Darcy Tucker and loses puck.
11:41 of 3rd period - Icing by Darcy Tucker.
11:42 of 3rd period - Alexei Yashin wins face-off versus Jochen Hecht in Canadiens zone.
12:38 of 3rd period - Minor Penalty to Michael Ryder for Interference.
12:39 of 3rd period - Thomas Vanek wins face-off versus Scott Gomez in neutral zone.
13:32 of 3rd period - Shot by Lubomir Visnovsky.
13:32 of 3rd period - Shot Blocked by Rob Blake.
13:39 of 3rd period - Icing by Lubomir Visnovsky.
13:40 of 3rd period - Alexei Yashin wins face-off versus Jochen Hecht in Canadiens zone.
13:58 of 3rd period - Icing by Lubomir Visnovsky.
13:59 of 3rd period - Johan Franzen wins face-off versus Alexei Yashin in Canadiens zone.
14:48 of 3rd period - Ryan Kesler is hit by Michael Ryder and loses puck.
15:37 of 3rd period - Shot by Jochen Hecht.
15:37 of 3rd period - Shot Misses the Net.
15:39 of 3rd period - Shot by Brian Campbell.
15:39 of 3rd period - Shot Misses the Net.
15:41 of 3rd period - Shot by Jochen Hecht.
15:41 of 3rd period - Shot Blocked by Brian Rafalski.
15:43 of 3rd period - Shot by Jochen Hecht.
15:43 of 3rd period - Shot Misses the Net.
15:47 of 3rd period - Shot by Michael Ryder.
15:47 of 3rd period - Stopped by Roberto Luongo without a rebound.
15:48 of 3rd period - Thomas Vanek wins face-off versus Alexei Yashin in Canadiens zone.
15:57 of 3rd period - Shot by Thomas Vanek.
15:57 of 3rd period - Deflect By Nathan Horton.
15:57 of 3rd period - Stopped by Roberto Luongo with a rebound.
15:59 of 3rd period - Shot by Henrik Zetterberg.
15:59 of 3rd period - Shot Blocked by Darcy Tucker.
16:01 of 3rd period - Shot by Henrik Zetterberg.
16:01 of 3rd period - Shot Misses the Net.
16:03 of 3rd period - Shot by Nathan Horton.
16:03 of 3rd period - Shot Blocked by Ed Jovanovski.
16:07 of 3rd period - Shot by John-Michael Liles.
16:07 of 3rd period - Stopped by Roberto Luongo without a rebound.
16:08 of 3rd period - Alexei Yashin wins face-off versus Jochen Hecht in Canadiens zone.
16:08 of 3rd period - Alexei Yashin is hit by Thomas Vanek.
16:09 of 3rd period - Alexei Yashin from Canadiens is injured at 16:09 of 3rd period (Sore Left Knee).
16:10 of 3rd period - Jochen Hecht wins face-off versus Scott Gomez in Canadiens zone.
16:34 of 3rd period - Shot by John-Michael Liles.
16:34 of 3rd period - Stopped by Roberto Luongo without a rebound.
16:35 of 3rd period - Mike Ribeiro wins face-off versus Johan Franzen in Canadiens zone.
16:40 of 3rd period - Shot by Ed Jovanovski.
16:40 of 3rd period - Shot Misses the Net.
16:42 of 3rd period - Shot by Martin Gelinas.
16:42 of 3rd period - Stopped by Ryan Miller without a rebound.
16:43 of 3rd period - Johan Franzen wins face-off versus Scott Gomez in Sabres zone.
17:11 of 3rd period - Shot by Ed Jovanovski.
17:11 of 3rd period - Stopped by Ryan Miller without a rebound.
17:12 of 3rd period - Mike Ribeiro wins face-off versus Jochen Hecht in Sabres zone.
17:51 of 3rd period - Chris Drury is hit by Martin Gelinas and loses puck.
17:59 of 3rd period - Icing by Brian Campbell.
18:00 of 3rd period - Chris Drury wins face-off versus Scott Gomez in Sabres zone.
19:07 of 3rd period - Shot by Mike Ribeiro.
19:07 of 3rd period - Shot Misses the Net.


Output by the SimonT Hockey Simulator (STHS) for Stephane Roy -- Original Page W3C XHTML 1.0 Valid